 Dungeon Crawl Stone Soup version 0.32-a0-42-ga30500b4d3 (webtiles) character file.

Game seed: 2891297861152510333

3424 horus123 the Destroyer (level 9, -10/45 HPs)
             Began as a Deep Elf Conjurer on Feb 1, 2024.
             Was an Initiate of Vehumet.
             Killed from afar by Maurice (21 damage)
             ... with a bolt of acid
             ... on level 7 of the Dungeon.
             The game lasted 00:25:08 (8121 turns).

horus123 the Destroyer (Deep Elf Conjurer)          Turns: 8121, Time: 00:25:09

Health: -10/45     AC:  3    Str:  4    XL:     9   Next: 76%
Magic:  19/25      EV: 16    Int: 34    God:    Vehumet [......]
Gold:   1216       SH:  7    Dex: 13    Spells: 1/28 levels left

rFire   . . .        g - staff of alchemy
rCold   . . .        C - +3 warlock's mirror {omnireflect}
rNeg    + . .        a - +0 robe
rPois   +            n - +0 helmet of the Rhinotaur {rN+}
rElec   .            s - scarf {repulsion}
rCorr   .            (no gloves)
SInv    .            (no boots)
Will    .....        (no amulet)
Stlth   ++           e - +6 ring of intelligence
HPRegen 0.27/turn    r - +5 ring of evasion
MPRegen 0.19/turn

%: repel missiles, reflection
@: no status effects
A: no striking features
a: Renounce Religion


You were on level 7 of the Dungeon.
You worshipped Vehumet.
Vehumet was noncommittal.
You visited 2 branches of the dungeon, and saw 8 of its levels.

You collected 1274 gold pieces.
You spent 58 gold pieces at shops.

Inventory:

Hand Weapons
 w - the +8 sling "Xishrimipn" {heavy, Str+6}
   (You found it on level 5 of the Dungeon)

   Str+6:     It affects your strength (+6).
 B - a +0 shortbow
Missiles
 y - 2 throwing nets
Armour
 a - a +0 robe (worn)
 n - the +0 helmet of the Rhinotaur (worn) {rN+}
   (You found it on level 3 of the Dungeon)

   rN+:       It protects you from negative energy.
 s - a scarf of repulsion (worn)
 C - the +3 warlock's mirror (worn) {omnireflect}
   (You acquired it on level 6 of the Dungeon)

   Omnireflect: It can block and reflect piercing ranged attacks and magical
   attacks against the wielder's willpower.
 I - a +1 hat
Magical Staves
 g - a staff of alchemy (weapon)
Jewellery
 e - a +6 ring of intelligence (left hand)
 o - a ring of resist corrosion
 r - a +5 ring of evasion (right hand)
 t - a +6 ring of strength
 u - a ring of fire
Wands
 m - a wand of roots (2)
 K - a wand of mindburst (5)
Scrolls
 c - 2 scrolls of fog
 f - a scroll of butterflies
 h - a scroll of poison
 i - 4 scrolls of teleportation
 k - a scroll of enchant weapon
 l - a scroll of immolation
 z - 2 scrolls of amnesia
 E - a scroll of blinking {unknown}
 G - a scroll of brand weapon {unknown}
 H - a scroll of revelation {unknown}
Potions
 j - a potion of berserk rage {unknown}
 q - a potion of invisibility {unknown}
 x - 2 potions of enlightenment {unknown}
 A - a potion of ambrosia
 D - 2 potions of curing {unknown}
 J - a potion of brilliance {unknown}


   Skills:
 - Level 2.4 Dodging
 - Level 2.4 Stealth
 + Level 2.1 Shields
 - Level 10.0 Spellcasting
 - Level 11.0 Conjurations
 - Level 2.3 Hexes
 - Level 7.2 Translocations


You had one spell level left.
You knew the following spells:

 Your Spells              Type           Power      Damage    Failure   Level
a - Magic Dart            Conj           100%       1d8       1%          1
b - Searing Ray           Conj           100%       2d8       1%          2
c - Iskenderun's Mystic   Conj/Tloc      68%        2d14      1%          4
d - Sigil of Binding      Hex            32%        N/A       6%          3
e - Dimensional Bullseye  Hex/Tloc       24%        N/A       7%          4
f - Gell's Gravitas       Tloc           60%        N/A       1%          3
g - Teleport Other        Tloc           60%        N/A       1%          3
h - Jinxbite              Hex            64%        N/A       3%          2
i - Yara's Violent Unrav  Hex/Alch       18%        3d9       65%         5

Your spell library contained the following spells:

 Spells                   Type           Power      Damage    Failure   Level
 Necrotise                Necr           68%        1d7       4%          1
 Lesser Beckoning         Tloc           100%       N/A       1%          2
 Fulminant Prism          Conj/Alch      34%        3d15      5%          4
 Call Canine Familiar     Summ           17%        N/A       16%         3
 Ozocubu's Armour         Ice            17%        N/A       16%         3
 Vampiric Draining        Necr           17%        2d7       16%         3
 Martyr's Knell           Necr/Summ      17%        N/A       45%         4
 Metabolic Englaciation   Hex/Ice        12%        N/A       65%         5
 Curse of Agony           Necr           17%        N/A       80%         5
 Sculpt Simulacrum        Ice/Alch       12%        N/A       100%        6
 Enfeeble                 Hex            16%        N/A       100%        7


Dungeon Overview and Level Annotations

Branches:
Dungeon (7/15)             Temple (1/1) D:7

Altars:
Ashenzari
Dithmenos
Elyvilon
Fedhas
Gozag
Hepliaklqana
Makhleb
Nemelex Xobeh
Qazlal
Ru
Sif Muna
Trog
Uskayaw
Vehumet
Wu Jian
Xom
Zin
The Shining One

Shops:
D:1 (   D:6 *

Annotations:
D:7 Maurice


Message History

The bolt of acid hits you!
* * * LOW HITPOINT WARNING * * *
You are confused.
You feel invigorated.
You bump into the rock wall.
Something hits you.
Something steals your +1 dagger of venom!
Something bites you.
* * * LOW HITPOINT WARNING * * *
You feel your power leaking away. Something drains your magic.
Something closely misses you. Something bites you.
* * * LOW HITPOINT WARNING * * *
You feel your power leaking away. Something drains your magic.
You see here a +0 leather armour.
Something drops a +0 cloak.
Something picks up a +0 leather armour.
You feel less invigorated.
You feel less confused.
You are no longer corroded.
Maurice appears from thin air!
Reactivating autopickup.
Maurice zaps a wand.
The bolt of acid hits you!
Casting: Iskenderun's Mystic Blast (dangerous; 1% risk of failure)
Confirm with . or Enter, or press ? or * to list all spells.
You don't know that spell.
Unknown command.
Maurice zaps a wand.
Your +3 warlock's mirror {omnireflect} blocks the bolt of acid... and reflects it back!
The bolt of acid hits Maurice!!
The acid corrodes Maurice!
Casting: Iskenderun's Mystic Blast (dangerous; 1% risk of failure)
Confirm with . or Enter, or press ? or * to list all spells.
Aiming: Teleport Other (safe; 1% risk of failure)
Press: ? - help, Shift-Dir - straight line, f - Maurice
Aim: Maurice, wielding a +0 flail, wearing a +0 leather armour, wearing an amulet of faith and carrying a wand of acid (severely wounded, covered in acid, chance to affect: 84%) Maurice looks slightly unstable.
Maurice hits you with a +0 flail. Maurice steals your talisman of death!
Maurice bites you!
* * * LOW HITPOINT WARNING * * *
You feel your power leaking away. Maurice drains your magic.
Maurice zaps a wand.
The bolt of acid hits you!!
You die...

##...........##..$....... ###
#........##.##...........
#.######..........#............
##.....#...............#........
#...............##.....#........
##....#..........................
#.....#.....................#....
#........>.#.##.......[....##....
#.....##.^.#....@.f...[....#..{..
#..<...........#####.###...##.###
##....^............#.# ##........
#####..#............. ##..##....
####...###............###...
##### .###.............. ..
##............. ...
.......###.... ....^......#......


You could see Maurice (corroded, teleporting).

Vanquished Creatures
  Pikel (D:7)
  The ghost of Azoth the Insei, a novice TeSh (D:6)
  Grinder (D:6)
  A wraith (D:6)
  Eustachio (D:4)
  3 black bears
  2 ice beasts (D:7)
  2 orc warriors (D:6)
  2 ogres (D:5)
  A centaur (D:5)
  2 lemures (D:7)
  A kobold brigand (D:6)
  3 bullfrogs
  A gnoll sergeant (D:7)
  2 scorpions
  4 orc priests
  3 bombardier beetles
  A hound (D:5)
  A jelly (D:7)
  2 gnoll boudas
  4 iguanas
  4 orc wizards
  Ijyb (D:3)
  A sleepcap (D:5)
  15 gnolls
  9 adders
  2 shadow imps
  A white imp (D:6)
  2 ufetubi (D:6)
  4 dart slugs
  2 ribbon worms
  19 orcs
  3 ball pythons
  3 bats
  5 endoplasms
  2 giant cockroaches (D:2)
  3 goblins
  6 hobgoblins
  4 jackals (D:2)
  2 quokkas (D:2)
  4 frilled lizards
  10 kobolds
  4 rats
145 creatures vanquished.

Notes
Turn   | Place    | Note
-------+----------+-------------------------------------------
     0 | D:1      | horus123 the Deep Elf Conjurer began the quest for the Orb.
     0 | D:1      | Reached XP level 1. HP: 10/10 MP: 6/6
   256 | D:1      | Reached XP level 2. HP: 15/15 MP: 7/9
   297 | D:1      | Learned a level 2 spell: Searing Ray
   483 | D:1      | Found Aramost's Antique Weapon Boutique.
   938 | D:2      | Reached XP level 3. HP: 19/19 MP: 6/11
   945 | D:2      | Reached skill level 5 in Spellcasting
  1370 | D:3      | Noticed Ijyb
  1377 | D:3      | Killed Ijyb
  1523 | D:3      | Reached XP level 4. HP: 24/24 MP: 8/14
  1595 | D:3      | Identified the +0 helmet of the Rhinotaur {rN+}
  1717 | D:3      | Found a faded altar of an unknown god.
  2299 | D:4      | Noticed a black bear
  2306 | D:4      | Killed a black bear
  2307 | D:4      | Reached XP level 5. HP: 28/28 MP: 7/17
  2951 | D:5      | Entered Level 5 of the Dungeon
  2951 | D:5      | Noticed an ogre
  3080 | D:5      | Noticed an ogre
  3084 | D:5      | Identified the +8 sling "Xishrimipn" {heavy, Str+6}
  3088 | D:5      | Reached XP level 6. HP: 25/32 MP: 14/19
  3164 | D:5      | Reached skill level 10 in Spellcasting
  3273 | D:5      | Noticed Eustachio
  3532 | D:4      | Reached XP level 7. HP: 21/36 MP: 17/22
  3716 | D:4      | Reached skill level 5 in Conjurations
  3727 | D:4      | Killed Eustachio
  3728 | D:4      | Reached skill level 6 in Conjurations
  3819 | D:4      | Learned a level 4 spell: Iskenderun's Mystic Blast
  3880 | D:5      | Reached skill level 7 in Conjurations
  4239 | D:5      | Reached XP level 8. HP: 37/41 MP: 15/24
  4315 | D:5      | Reached skill level 8 in Conjurations
  5189 | D:6      | Reached skill level 9 in Conjurations
  5520 | D:6      | Reached skill level 10 in Conjurations
  5706 | D:5      | Learned a level 3 spell: Sigil of Binding
  5711 | D:5      | Learned a level 4 spell: Dimensional Bullseye
  5948 | D:6      | Noticed Grinder
  6100 | D:6      | Killed Grinder
  6101 | D:6      | Reached skill level 11 in Conjurations
  6101 | D:6      | Reached XP level 9. HP: 45/45 MP: 17/25
  6203 | D:6      | Reached skill level 1 in Translocations
  6501 | D:6      | Found a runed translucent door.
  6504 | D:6      | Noticed Azoth's ghost (novice TeSh)
  6603 | D:6      | Found Mitofaf's Assorted Antiques.
  6606 | D:6      | Bought a scroll of identify for 58 gold pieces
  6658 | D:6      | Found a broken altar of Ashenzari.
  6662 | D:6      | Saw a vision of the Swamp and the Spider Nest.
  6662 | D:6      | Noticed a pharaoh ant
  6662 | D:6      | Noticed a wolf spider
  6662 | D:6      | Noticed a demonic crawler
  6662 | D:6      | Noticed a jorogumo
  6662 | D:6      | Noticed a meliai
  6662 | D:6      | Noticed an orb spider
  6662 | D:6      | Noticed a spark wasp
  6663 | D:6      | Noticed a radroach
  6663 | D:6      | Noticed a bog body
  6664 | D:6      | Noticed a boulder beetle
  6665 | D:6      | Noticed a spriggan rider
  6665 | D:6      | Noticed a bloated husk
  6665 | D:6      | Noticed a goliath frog
  6710 | D:6      | Killed Azoth's ghost
  6779 | D:6      | Learned a level 3 spell: Gell's Gravitas
  6783 | D:6      | Learned a level 3 spell: Teleport Other
  6820 | D:7      | Reached skill level 5 in Translocations
  6920 | D:7      | Noticed Maurice
  6921 | D:7      | Noticed Pikel
  7089 | D:7      | Killed Pikel
  7455 | D:6      | Identified 2 scrolls of acquirement
  7459 | D:6      | Acquired 1109 gold pieces
  7461 | D:6      | Acquired the +3 warlock's mirror {omnireflect}
  7461 | D:6      | Found the +3 warlock's mirror {omnireflect}
  7602 | D:7      | Found a staircase to the Ecumenical Temple.
  7618 | Temple   | Entered the Ecumenical Temple
  7627 | Temple   | Became a worshipper of Vehumet
  7651 | D:7      | Reached skill level 1 in Shields
  7706 | D:7      | Learned a level 2 spell: Jinxbite
  7712 | D:7      | Learned a level 5 spell: Yara's Violent Unravelling
  7879 | D:7      | Something stole 186 gold
  8094 | D:7      | Something stole an amulet of faith
  8111 | D:7      | Something stole a +1 dagger of venom
  8120 | D:7      | Maurice stole a talisman of death
  8121 | D:7      | Killed from afar by Maurice

Illustrated notes

Levels and vault maps discovered:
D:1:      heliophobic_arrival_glass_houses, layout_rooms, serial_shops, shop
D:2:      layout_rooms
D:3:      layout_loops_cross, shapermc_ecumenical_altar_petra, uniq_ijyb
D:4:      layout_loops_ring, chequers_arboretum, kennysheep_nub,
          skrybe_limestone_x, item_on_display_a
D:5:      minmay_skewed_foursquare, layout_gridville, uniq_eustachio
D:6:      layout_cave_pools, grunt_ashenzari_visionary
          [grunt_ashenzari_visionary_swamp, grunt_ashenzari_visionary_spider],
          gammafunk_ghost_grave, serial_shops, kennysheep_mini_moat,
          minivault_22, uniq_grinder
D:7:      layout_cave_pools, minmay_temple_entry_tees, uniq_crazy_yiuf_cottage,
          uniq_maurice, uniq_pikel
Temple:   bh_familiar_temple

Skill      XL: |  1  2  3  4  5  6  7  8  9 |
---------------+----------------------------+-----
Spellcasting   | 4 6 8 10 | 10.0
Conjurations   | 7 11 | 11.0
Hexes          | 2 |  2.3
Translocations | 7 |  7.2
Shields        | 2 |  2.1
Dodging        | |  2.4
Stealth        | |  2.4

Action                     |  1- 3 |  4- 6 |  7- 9 || total
---------------------------+-------+-------+-------++-------
  Melee: Staff             |       |     1 |     2 ||     3
   Cast: Magic Dart        |    59 |    55 |   105 ||   219
         Searing Ray       |     3 |     7 |    41 ||    51
         Iskenderun's Myst |       |       |    30 ||    30
         Gell's Gravitas   |       |       |     4 ||     4
         Teleport Other    |       |       |     2 ||     2
         Sigil of Binding  |       |       |     2 ||     2
         Jinxbite          |       |       |     1 ||     1
  Evoke: Wand              |       |       |     2 ||     2
    Use: Scroll            |       |       |    13 ||    13
         Potion            |       |       |     2 ||     2
 Armour: Robe              |     4 |    13 |    56 ||    73
  Dodge: Dodged            |     7 |    17 |   106 ||   130
         Repelled          |       |     1 |     4 ||     5
  Block: Buckler           |       |       |     2 ||     2
         Reflection        |       |       |     2 ||     2

Table legend: (Time is in decaauts)
 A = Elapsed time spent in this place.
 B = Non-inter-level travel time spent in this place.
 C = Inter-level travel time spent in this place.
 D = Time resting spent in this place.
 E = Time spent auto-exploring this place.
 F = Levels seen in this place.
 G = Mean time per level.
                   A        B        C        D        E       F      G
               +--------+--------+--------+--------+--------+-----+--------+
         Total |   8136 |   7970 |    166 |   2673 |   3953 |   8 | 1017.0 |
       Dungeon |   8118 |   7952 |    166 |   2673 |   3953 |   7 | 1159.7 |
        Temple |     17 |     17 |      0 |      0 |      0 |   1 |   17.0 |
               +--------+--------+--------+--------+--------+-----+--------+

Top non-repeatable levels by time:
     D:5: 2022 daAuts
     D:4: 1764 daAuts
     D:6: 1518 daAuts
     D:3: 845 daAuts
     D:1: 781 daAuts
     D:7: 622 daAuts
     D:2: 564 daAuts
  Temple: 17 daAuts
